 Dungeon Sprint DCSS version 0.17-a0-1-g1f4be75 (webtiles) character file.

87 Medar the Grappler (level 4, -7/44 HPs)
             Began as a Troll Monk on Mar 12, 2015.
             Splashed by an oklob sapling priest's acid (11 damage)
             ... in the Dungeon (Sprint IV: "Fedhas' Mad Dash").
             The game lasted 00:00:59 (145 turns).

Medar the Grappler (Troll Monk)                      Turns: 145, Time: 00:00:59

Health: -7/44      AC:  5    Str: 19    XL:     4   Next: 28%
Magic:  2/2        EV: 10    Int:  6    God:
Gold:   49         SH:  0    Dex: 13    Spells: 0 memorised, 3 levels left

rFire  . . .     SeeInvis .       - Unarmed
rCold  . . .     Clarity  .     a - +0 robe
rNeg   . . .     SustAb   .     (shield restricted)
rPois  .         Gourm    +     (helmet restricted)
rElec  .         Spirit   .     (no cloak)
rCorr  .         Warding  .     (gloves unavailable)
rMut   .         NoTele   +     (boots unavailable)
MR     .....                    (no amulet)
Stlth  +.........               (no ring)
                                j - ring of invisibility

@: not resistant to hostile enchantments, very unstealthy
A: unfitting armour, claws 3, fast metabolism 3, gourmand, regeneration 2,
shaggy fur 1, tough skin 2
a: Evoke Invisibility


You were in the Dungeon.
You were not hungry.

You visited 1 branch You collected 49 gold pieces.

Inventory:

Armour
 a - a +0 robe (worn)
Jewellery
 j - a ring of invisibility (left claw)
Scrolls
 g - a scroll of magic mapping {unknown}
 h - a scroll of blinking
Potions
 c - a potion of curing {@q1}
 d - a potion of heal wounds
 e - a potion of haste
 f - 2 potions of magic
Comestibles
 b - 2 meat rations
 i - 5 fruits
 k - 3 chunks of flesh


   Skills:
 - Level 2.4 Fighting
 - Level 2.4 Dodging
 - Level 1.1 Stealth
 + Level 9.4 Unarmed Combat


You had 3 spell levels left.
You didn't know any spells.

Dungeon Overview and Level Annotations

Branches:
Dungeon (1/1)

Altars:
Cheibriados
Dithmenos
Elyvilon
Kikubaaqudgha
Makhleb
Nemelex Xobeh
Okawaru
Ru
Sif Muna
Trog
Vehumet
Xom
Zin
The Shining One
Jiyva
Lugonu

Annotations:
D exclusion: oklob sapling


Innate Abilities, Weirdness & Mutations

You are too large for most types of armour.
You have claws for hands.
Your metabolism is lightning-fast.
You like to eat raw meat.
You heal very quickly.
You are covered in fur (AC +1).
You have very tough skin (AC +2).


Message History

You have reached level 4!
You now have 40 gold pieces (gained 4).
You now have 49 gold pieces (gained 9).
There is an open door here.
You open the door.
Marking area around the oklob sapling priest as unsafe for travelling.
An oklob sapling priest comes into view.
Found ten altars.
Unknown command.
You aren't carrying any items that can be evoked.
Found a glowing golden altar of the Shining One and a sacrificial altar of Ru.
There is an open door here.
The oklob sapling priest spits acid at you.
The splash of acid hits you!
The acid burns!
Found a shadowy altar of Dithmenos and a sparkling altar of Nemelex Xobeh.
The oklob sapling priest spits acid at you.
The splash of acid hits you!
* * * LOW HITPOINT WARNING * * *
The acid burns!
You die...

########################
.P#.....#.....#.⌠.......
..†.....'.#.).'._._._._._
PP#.....#.#...#_@_._P_._.
############'##._._._._._
+...#.⌠...._..
#...########## #####


You could see an oklob sapling priest.

Vanquished Creatures
  A worker ant (D)
  2 oklob saplings (D)
  A river rat (D)
  A rat (D)
5 creatures vanquished.

Notes
Turn   | Place    | Note
--------------------------------------------------------------
     0 | D        | Medar, the Troll Monk, began the quest for the Orb.
     0 | D        | Reached XP level 1. HP: 22/22 MP: 1/1
    13 | D        | Reached skill level 5 in Unarmed Combat
    13 | D        | Reached XP level 2. HP: 9/29 MP: 1/1
    58 | D        | Noticed an oklob sapling
   101 | D        | Killed an oklob sapling
   101 | D        | Reached skill level 7 in Unarmed Combat
   101 | D        | Reached XP level 3. HP: 36/36 MP: 2/2
   103 | D        | Noticed a worker ant
   108 | D        | Killed a worker ant
   108 | D        | Reached skill level 8 in Unarmed Combat
   129 | D        | Noticed an oklob sapling
   132 | D        | Killed an oklob sapling
   132 | D        | Reached skill level 9 in Unarmed Combat
   132 | D        | Reached XP level 4. HP: 44/44 MP: 2/2
   142 | D        | Found a snail-covered altar of Cheibriados.
   142 | D        | Found a glowing silver altar of Zin.
   142 | D        | Found a white marble altar of Elyvilon.
   142 | D        | Found a viscous altar of Jiyva.
   142 | D        | Found a radiant altar of Vehumet.
   142 | D        | Found a deep blue altar of Sif Muna.
   142 | D        | Found a burning altar of Makhleb.
   142 | D        | Found an ancient bone altar of Kikubaaqudgha.
   142 | D        | Found a bloodstained altar of Trog.
   142 | D        | Found a corrupted altar of Lugonu.
   142 | D        | Noticed an oklob sapling priest
   143 | D        | Found a glowing golden altar of the Shining One.
   143 | D        | Found a sacrificial altar of Ru.
   144 | D        | Found a shadowy altar of Dithmenos.
   144 | D        | Found a sparkling altar of Nemelex Xobeh.
   145 | D        | Found a shimmering altar of Xom.
   145 | D        | Found an iron altar of Okawaru.
   145 | D        | Splashed by an oklob sapling priest's acid

Action                   |  1- 3 |  4- 6 || total
-------------------------+-------+-------++-------
Melee: Unarmed           |    19 |       ||    19
  Use: Potion            |     1 |       ||     1
 Stab: Sleeping          |     1 |       ||     1
  Eat: Chunk             |     1 |       ||     1
